 Dungeon Crawl Stone Soup version 0.30-a0-989-g0d87f670db (webtiles) character file.

Game seed: 12651075788254495359

20981 LobsterGuardian the Party-goer (level 12, -2/92 HPs)
             Began as a Demonspawn Gladiator on Apr 2, 2023.
             Was a High Priest of Uskayaw.
             Slain by a death yak (14 damage)
             ... on level 3 of the Lair of Beasts.
             The game lasted 00:39:03 (15076 turns).

LobsterGuardian the Party-goer (DsGl)              Turns: 15076, Time: 00:39:03

Health: -2/92      AC: 22    Str: 16    XL:     12   Next: 50%
Magic:  19/19      EV: 15    Int: 11    God:    Uskayaw [*****.]
Gold:   619        SH:  0    Dex: 23    Spells: 11/11 levels left

rFire   + . .      SeeInvis +    t - +1 hand axe (elec)
rCold   + . .      Faith    .    (no shield)
rNeg    . . .      Spirit   .    j - +0 scale mail
rPois   .          Reflect  .    (helmet unavailable)
rElec   .          Rampage  .    k - +2 cloak {Will+}
rCorr   +                        c - +1 pair of gloves {Stlth+}
Will    +....                    a - +3 pair of mountain boots {steadfast, rC+}
Stlth   +++++++                  (no amulet)
HPRegen 0.35/turn                d - +4 ring of protection
MPRegen 0.16/turn                b - ring of resist corrosion

@: no status effects
A: antennae 3, thin skeletal structure 3, powered by death 2, fire resistance 1,
mutation resistance 1
a: Renounce Religion, Stomp, Line Pass, Grand Finale


You were on level 3 of the Lair of Beasts.
You worshipped Uskayaw.
Uskayaw was aware of your devotion.
You visited 3 branches of the dungeon, and saw 14 of its levels.
You also visited: Bailey.

You collected 896 gold pieces.
You spent 277 gold pieces at shops.

Inventory:

Hand Weapons
 t - a +1 hand axe of electrocution (weapon)
Missiles
 f - 6 javelins
 v - 3 throwing nets
 A - 48 poisoned darts (quivered)
 E - 2 curare-tipped darts
 H - 12 atropa-tipped darts
 K - 6 boomerangs
Armour
 a - the +3 pair of mountain boots (worn) {steadfast, rC+}
   (You found it in a bailey)

   Steadfast: It prevents involuntary movement, except for blinking,
   teleportation, or banishment.
   rC:        It protects you from cold.
 c - a +1 pair of gloves of stealth (worn)
 j - a +0 scale mail (worn)
 k - a +2 cloak of willpower (worn)
 u - a scarf of repulsion
Jewellery
 b - a ring of resist corrosion (right hand)
 d - a +4 ring of protection (left hand)
 p - an amulet of guardian spirit
 z - a ring of protection from fire
 B - a ring of flight
 G - a ring of protection from cold
Wands
 o - a wand of quicksilver (7)
 L - a wand of roots (22)
Scrolls
 e - a scroll of acquirement {unknown}
 g - 2 scrolls of enchant weapon {unknown}
 l - 2 scrolls of fog
 m - a scroll of silence
 n - 5 scrolls of teleportation
 q - a scroll of magic mapping
 w - 2 scrolls of poison {unknown}
 x - a scroll of fear {unknown}
 y - 5 scrolls of noise {unknown}
 C - a scroll of amnesia
 D - a scroll of blinking
 I - 2 scrolls of vulnerability
Potions
 h - a potion of berserk rage
 i - 4 potions of degeneration
 r - 3 potions of flight
 s - 4 potions of mutation
 F - 2 potions of haste
 J - 5 potions of curing
 M - a potion of might


   Skills:
 * Level 8.1 Fighting
 + Level 9.7 Axes
 + Level 6.2 Throwing
 + Level 7.4 Armour
 + Level 7.6 Dodging
 + Level 7.4 Stealth
 * Level 10.0 Invocations


You had 11 spell levels left.
You didn't know any spells.
Your spell library contained the following spells:

 Spells                   Type           Power      Damage    Failure   Level
 Apportation              Tloc           0%         N/A       73%         1
 Necrotise                Necr           0%         1d4       73%         1
 Shock                    Conj/Air       0%         1d3       73%         1
 Summon Small Mammal      Summ           0%         N/A       73%         1
 Frozen Ramparts          Ice            0%         1d1       97%         3
 Kindle Blastsparks       Fire/Tloc/Air  0%         2d10      97%         3
 Swiftness                Air            0%         N/A       97%         3
 Tukima's Dance           Hex            0%         N/A       97%         3
 Airstrike                Air            0%         2d(0-16)  100%        4
 Cause Fear               Hex            0%         N/A       100%        4
 Fulminant Prism          Conj/Hex       0%         3d5       100%        4
 Ice Form                 Ice/Tmut       0%         N/A       100%        4
 Iskenderun's Mystic Bla  Conj/Tloc      0%         2d3       100%        4
 Passage of Golubria      Tloc           0%         N/A       100%        4
 Petrify                  Tmut/Erth      0%         N/A       100%        4
 Summon Ice Beast         Ice/Summ       0%         N/A       100%        4
 Lee's Rapid Deconstruct  Erth           0%         3d4*      100%        5
 Metabolic Englaciation   Hex/Ice        0%         N/A       100%        5
 Yara's Violent Unravell  Hex/Tmut       0%         3d3       100%        5
 Statue Form              Tmut/Erth      0%         N/A       100%        6
 Dragon Form              Tmut           0%         N/A       100%        7
 Dragon's Call            Summ           0%         N/A       100%        9


Dungeon Overview and Level Annotations

Branches:
Dungeon (10/15)            Temple (1/1) D:7            Lair (3/5) D:10
    Orc (0/2) D:10         Bailey (visited)
  Swamp: Lair:2-3    Shoals: Lair:2-3     Snake: Lair:2-3    Spider: Lair:2-3

Altars:
Ashenzari
Cheibriados
Dithmenos
Fedhas
Gozag
Hepliaklqana
Kikubaaqudgha
Makhleb
Nemelex Xobeh
Okawaru
Qazlal
Ru
Sif Muna
Trog
Uskayaw
Vehumet
Wu Jian
Xom
Yredelemnul

Shops:
D:2 (   D:4 [   D:6 *   D:7 =

Annotations:
D:10 2 transporters
Lair:1 1 runed translucent door, Hopopupt's ghost, journeyman MeWr


Innate Abilities, Weirdness & Mutations

You have a pair of large antennae on your head. (SInv)
You have an unnaturally thin skeletal structure. (Dex +6, Stealth+++)
You regenerate health from kills.
Your flesh is heat resistant. (rF+)
You are somewhat resistant to further mutation.


Message History

The yak gores the bush but does no damage. x3
The death yak closely misses you.
You hit the death yak.
The death yak is moderately wounded.
The yak is no longer sharing its pain.
The death yak is no longer sharing its pain.
The yak gores the bush but does no damage.
The yak gores the bush.
You completely miss the death yak. You hit the death yak.
The yak gores something.
The yak gores the bush.
Unknown command.
You hit the death yak but do no damage. x2
Lightning courses through the death yak!
You completely miss the death yak.
The yak gores the bush! x2
The death yak gores you! x2
The yak gores the bush but does no damage.
The death yak gores you.
Unknown command.
The death yak attacks as you move away! The death yak gores you!
The death yak attacks as you move away! The death yak misses you.
The yak is no longer sharing its pain.
The death yak is no longer sharing its pain.
The yak gores the bush!
The death yak gores you!
The yak gores the bush but does no damage.
Aiming: Grand Finale
Press: ? - help, Shift-Dir - straight line, f - death yak
Aim: a death yak (moderately wounded)
You fail to use your ability.
The yak gores the bush!
The death yak misses you. The death yak gores you!
The water moccasin barely misses you.
The yak gores the bush!
Unknown command.
Aiming: Grand Finale
Press: ? - help, Shift-Dir - straight line, f - death yak, p - death yak
Aim: a death yak You fail to use your ability.
The water moccasin closely misses you. The death yak gores you!!
* * * LOW HITPOINT WARNING * * *
The yak gores the bush but does no damage. x2
The yak gores the bush.
The death yak gores you!
You die...

≈........#....
♣.....?..#...#
♣≈..........#P
♣............
♣P...........
{♣P...........
YP♣~=..........
YY≈P...@S......
♣♣≈...YYY......
♣≈......†...#..
≈.....#......#
....###.(##....
.... ...# ....
... .... ... P.
.... .. .....P


You could see 3 death yaks, 3 yaks and a water moccasin.

Vanquished Creatures
  Fannar (Lair:2)
  Harold (D:10)
  An orc knight (Bailey)
  2 oklob plants (Lair:1)
  A black mamba (Lair:1)
  8 elephants (Lair:2)
  3 cane toads
  3 rime drakes
  A komodo dragon (Lair:1)
  A polar bear (D:10)
  Sigmund (D:2)
  A vampire (D:9)
  2 shadows (D:10)
  44 yaks
  A basilisk (Lair:2)
  A steam dragon (D:10)
  2 wyverns
  2 acid dragons
  5 water moccasins
  Edmund (D:5)
  Duvessa (D:5)
  7 ice beasts
  14 orc warriors
  5 black bears
  3 wolves (D:10)
  2 ogres
  A centaur (D:9)
  3 bullfrogs
  7 kobold brigands
  A scorpion (D:5)
  Dowan (D:5)
  3 electric eels
  3 howler monkeys (D:10)
  4 hounds
  2 gnoll boudas
  5 orc priests
  2 jellies (D:6)
  4 iguanas
  9 orc wizards
  A sleepcap (D:7)
  17 gnolls
  10 adders
  2 shadow imps (D:5)
  3 ufetubi
  2 worms (D:4)
  2 dart slugs
  44 orcs
  5 endoplasms
  3 giant cockroaches
  5 goblins
  5 hobgoblins
  2 jackals (D:1)
  5 quokkas
  7 ball pythons
  A frilled lizard (D:3)
  56 kobolds
  5 rats
334 creatures vanquished.

Vanquished Creatures (others)
  An orc (D:10)
  3 fungi
  33 plants
37 creatures vanquished.

Grand Total: 371 creatures vanquished

Notes
Turn   | Place    | Note
-------+----------+-------------------------------------------
     0 | D:1      | LobsterGuardian the Demonspawn Gladiator began the quest
                  | for the Orb.
     0 | D:1      | Reached XP level 1. HP: 16/16 MP: 1/1
   432 | D:1      | Gained mutation: You have a somewhat thin skeletal
                  | structure. (Dex +2, Stealth+) [demonic ancestry]
   432 | D:1      | Reached XP level 2. HP: 22/22 MP: 2/2
   745 | D:1      | Found a faded altar of an unknown god.
   971 | D:1      | Gained mutation: Your muscles are strong. (Str +4, Int/Dex
                  | -1) [potion of mutation]
  1462 | D:2      | Found Jomim's Weapon Shop.
  1490 | D:2      | Found a bloodstained altar of Trog.
  1503 | D:2      | Noticed Sigmund
  1516 | D:2      | Killed Sigmund
  1517 | D:2      | Reached skill level 1 in Armour
  1517 | D:2      | Reached XP level 3. HP: 26/27 MP: 3/3
  1517 | D:2      | Gained mutation: You have a pair of small antennae on your
                  | head. [demonic ancestry]
  1517 | D:2      | Reached XP level 4. HP: 32/33 MP: 4/4
  1517 | D:2      | Gained mutation: You have a moderately thin skeletal
                  | structure. (Dex +4, Stealth++) [demonic ancestry]
  1517 | D:2      | Reached XP level 5. HP: 37/38 MP: 5/5
  1864 | D:3      | Reached skill level 5 in Axes
  2211 | D:3      | Found an opulent altar of Gozag.
  2609 | D:3      | Gained mutation: You regenerate a little health from kills.
                  | [demonic ancestry]
  2609 | D:3      | Reached XP level 6. HP: 40/46 MP: 6/6
  2720 | D:3      | Found a bloodstained altar of Trog.
  2753 | D:3      | Found a snail-covered altar of Cheibriados.
  3143 | D:2      | Bought a +1 hand axe of electrocution for 145 gold pieces
  3209 | D:4      | Found Madavum's Armour Emporium.
  3330 | D:4      | Reached skill level 1 in Stealth
  3402 | D:4      | Gained mutation: You have a pair of antennae on your head.
                  | [demonic ancestry]
  3402 | D:4      | Reached XP level 7. HP: 15/52 MP: 7/7
  4259 | D:5      | Entered Level 5 of the Dungeon
  4416 | D:5      | Noticed Dowan
  4417 | D:5      | Noticed Duvessa
  4423 | D:5      | Killed Dowan
  4437 | D:5      | Killed Duvessa
  4441 | D:5      | Reached XP level 8. HP: 20/61 MP: 8/8
  4769 | D:5      | Reached skill level 5 in Fighting
  4773 | D:5      | Noticed Edmund
  4793 | D:5      | Killed Edmund
  5690 | D:6      | Found Kudoc's Neck Hole.
  5779 | D:6      | Bought a scarf of repulsion for 132 gold pieces
  6121 | D:6      | Reached skill level 5 in Armour
  6128 | D:6      | Lost mutation: Your muscles are strong. (Str +4, Int/Dex
                  | -1) [potion of mutation]
  6128 | D:6      | Gained mutation: Your flesh is heat resistant. (rF+)
                  | [potion of mutation]
  6128 | D:6      | Gained mutation: You are somewhat resistant to further
                  | mutation. [potion of mutation]
  6144 | D:6      | Reached XP level 9. HP: 42/69 MP: 9/9
  6975 | D:7      | Found a staircase to the Ecumenical Temple.
  6983 | Temple   | Entered the Ecumenical Temple
  7308 | Temple   | Became a worshipper of Uskayaw the Reveller
  7386 | D:7      | Reached * piety under Uskayaw
  7389 | D:7      | Reached ** piety under Uskayaw
  7537 | D:7      | Reached skill level 5 in Dodging
  7537 | D:7      | Reached skill level 1 in Invocations
  7713 | D:7      | Reached *** piety under Uskayaw
  7716 | D:7      | Reached **** piety under Uskayaw
  7828 | D:7      | Reached ***** piety under Uskayaw
  7835 | D:7      | Reached skill level 2 in Invocations
  7835 | D:7      | Gained mutation: You have a pair of large antennae on your
                  | head. (SInv) [demonic ancestry]
  7835 | D:7      | Reached XP level 10. HP: 43/79 MP: 4/11
  7963 | D:7      | Found Varphefuph's Jewellery Shop.
  8153 | D:8      | Found a flagged portal.
  8160 | Bailey   | Entered a bailey
  8311 | Bailey   | Reached skill level 3 in Invocations
  8433 | Bailey   | Noticed an orc knight
  8447 | Bailey   | Killed an orc knight
  8506 | Bailey   | Found the +3 pair of mountain boots {steadfast, rC+}
  9347 | D:8      | Reached skill level 4 in Invocations
 11084 | D:10     | Entered Level 10 of the Dungeon
 11084 | D:10     | Noticed Harold
 11129 | D:10     | Reached skill level 5 in Invocations
 11139 | D:10     | Reached ****** piety under Uskayaw
 11142 | D:10     | Gained mutation: You have an unnaturally thin skeletal
                  | structure. (Dex +6, Stealth+++) [demonic ancestry]
 11142 | D:10     | Reached XP level 11. HP: 80/84 MP: 14/14
 11245 | D:10     | Killed Harold
 11246 | D:10     | Reached skill level 5 in Stealth
 11248 | D:10     | Reached skill level 6 in Invocations
 11274 | D:10     | HP: 4/84 [yak (4)]
 11277 | D:10     | Reached skill level 7 in Invocations
 11352 | D:10     | Found a transporter.
 11392 | D:10     | Found a staircase to the Lair.
 11499 | D:10     | Found a staircase to the Orcish Mines.
 11510 | D:10     | Identified the +1 leather armour "Jevouz" {-Cast Dex+4}
 11642 | D:10     | Found a transporter.
 11918 | Lair:1   | Entered Level 1 of the Lair of Beasts
 11938 | Lair:1   | Reached skill level 5 in Throwing
 11958 | Lair:1   | Found a runed translucent door.
 11962 | Lair:1   | Identified the +5 spear "Uhuythren" {heavy, *Slow rPois
                  | Dex+6}
 11963 | Lair:1   | Noticed a spriggan rider
 11964 | Lair:1   | Noticed Hopopupt's ghost (journeyman MeWr)
 13119 | Lair:1   | Reached skill level 8 in Invocations
 13212 | Lair:1   | Found a blossoming altar of Fedhas.
 13215 | Lair:1   | Noticed an oklob plant
 13216 | Lair:1   | Noticed an oklob plant
 13224 | Lair:1   | Killed an oklob plant
 13243 | Lair:1   | Killed an oklob plant
 13656 | Lair:2   | Gained mutation: You regenerate health from kills. [demonic
                  | ancestry]
 13656 | Lair:2   | Reached XP level 12. HP: 79/92 MP: 18/18
 13663 | Lair:2   | Reached skill level 9 in Invocations
 13913 | Lair:2   | Noticed Fannar
 13952 | Lair:2   | Killed Fannar
 14971 | Lair:2   | Reached skill level 10 in Invocations
 15060 | Lair:3   | Noticed a death yak
 15064 | Lair:3   | Noticed a death yak
 15065 | Lair:3   | Noticed a death yak
 15076 | Lair:3   | Slain by a death yak

Illustrated notes

Levels and vault maps discovered:
D:1:      kennysheep_arrival_forest, layout_loops_corners,
          shapermc_ecumenical_altar_ellora, supply_closet_lemuel,
          minmay_split_cup_small
D:2:      layout_basic, serial_shops, nicolae_shop_bloodbath_and_beyond,
          basic_altar, uniq_sigmund
D:3:      layout_loops_ring, mainiacjoe_overflow_paths,
          mainiacjoe_overflow_two_lobes
D:4:      layout_loops_ring, serial_shops, nicolae_shop_advertising_works
          [nicolae_subvault_shop_adworks], minmay_ruined_shrine
D:5:      layout_rooms, hex_large, uniq_edmund, uniq_duvessa
D:6:      kennysheep_kobold_camp, layout_cave_pools,
          chequers_serial_rivers_room_b, minmay_misc_feat_pillars,
          nicolae_shop_sticking_my_neck_out
D:7:      layout_basic, minmay_temple_entry_enclosed_plants, serial_shops, shop,
          minmay_crystal_room
D:8:      layout_gridville, enter_bailey_2, lightli_minifort
D:9:      layout_rooms, chequers_serial_rivers_micro_a
D:10:     gammafunk_cloud_chamber, layout_layer_cave, hellmonk_lair_entry_icy,
          david_orc_3, uniq_harold
Temple:   compressed_dpeg_triangle_lava_temple
Lair:1:   layout_cave_pods, ebering_ghost_funeral_grove, hangedman_tree_tricks,
          infiniplex_staircase_pool_2
Lair:2:   layout_cave_pods, grunt_megastairs_5, serial_bayou_shore_a,
          infiniplex_staircase_pool, uniq_fannar
Lair:3:   layout_cave_shapes, swamp_mist_pool,
          hellmonk_spider_entry_life_and_decay, nicolae_lair_grazing_beasts
          [nicolae_sub_lair_graze_edge, nicolae_sub_lair_graze_edge,
          nicolae_sub_lair_graze_edge, nicolae_sub_lair_graze_edge],
          grunt_megastairs_4, uniq_amaemon

Skill      XL: |  1  2  3  4  5  6  7  8  9 10 11 12 |
---------------+-------------------------------------+-----
Axes           | 3 4 5 6 7 8 9 |  9.7
Throwing       | 2 4 5 6 |  6.2
Armour         | 1 2 3 5 6 7 |  7.4
Fighting       | 3 4 6 7 8 |  8.1
Stealth        | 1 2 4 6 7 |  7.4
Dodging        | 3 4 5 6 7 |  7.6
Invocations    | 2 5 8 10 | 10.0

Action                     |  1- 3 |  4- 6 |  7- 9 | 10-12 || total
---------------------------+-------+-------+-------+-------++-------
  Melee: War axe           |    51 |   119 |       |       ||   170
         Punch             |     1 |     1 |     6 |    13 ||    21
         Hand axe          |       |    24 |   310 |   514 ||   848
  Throw: Throwing net      |     5 |     1 |     2 |       ||     8
         Boomerang         |       |       |    85 |    14 ||    99
         Javelin           |       |       |     1 |     6 ||     7
         Dart              |       |       |       |   153 ||   153
 Invoke: Stomp             |       |       |     2 |    11 ||    13
         Line Pass         |       |       |       |     1 ||     1
         Grand Finale      |       |       |       |     2 ||     2
    Use: Scroll            |     4 |       |     3 |    14 ||    21
         Potion            |     2 |     1 |     5 |     7 ||    15
   Stab: Sleeping          |     1 |     6 |     5 |     5 ||    17
         Held in net/web   |     1 |       |     1 |       ||     2
         Distracted        |       |     2 |       |     2 ||     4
         Paralysed         |       |       |     3 |    96 ||    99
         Invisible         |       |       |       |     3 ||     3
 Armour: Leather armour    |    10 |       |       |       ||    10
         Scale mail        |     1 |    40 |   103 |   272 ||   416
         Skin              |       |       |     4 |       ||     4
  Dodge: Dodged            |    32 |    78 |   188 |   388 ||   686

Table legend: (Time is in decaauts)
 A = Elapsed time spent in this place.
 B = Non-inter-level travel time spent in this place.
 C = Inter-level travel time spent in this place.
 D = Time resting spent in this place.
 E = Time spent auto-exploring this place.
 F = Levels seen in this place.
 G = Mean time per level.
                   A        B        C        D        E       F      G
               +--------+--------+--------+--------+--------+-----+--------+
         Total |  15082 |  13719 |   1363 |    199 |  11111 |  15 | 1005.5 |
       Dungeon |  11053 |   9826 |   1227 |    199 |   7883 |  10 | 1105.3 |
        Temple |    387 |    367 |     20 |      0 |    353 |   1 |  387.0 |
          Lair |   2995 |   2879 |    116 |      0 |   2450 |   3 |  998.3 |
        Bailey |    646 |    646 |      0 |      0 |    423 |   1 |  646.0 |
               +--------+--------+--------+--------+--------+-----+--------+

Top non-repeatable levels by time:
  Lair:2: 1514 daAuts
  Lair:1: 1460 daAuts
     D:3: 1424 daAuts
     D:6: 1375 daAuts
     D:4: 1347 daAuts
     D:5: 1245 daAuts
     D:8: 1124 daAuts
     D:1: 1118 daAuts
     D:7: 994 daAuts
    D:10: 879 daAuts
     D:2: 811 daAuts
     D:9: 731 daAuts
  Bailey: 646 daAuts
  Temple: 387 daAuts
  Lair:3: 19 daAuts
